 Dungeon Sprint DCSS version 0.30.1-9-gdf580d7c3d (webtiles) character file.

Game seed: 16311718723564327173

65 Heoruswealwe the Poker (level 3, -5/37 HPs)
             Began as a Minotaur Fighter on Sept 25, 2023.
             Was an Initiate of Gozag.
             Slain by a komodo dragon (28 damage)
             ... in the Dungeon (Sprint IX: "|||||||||||||||||||||||||||||").
             The game lasted 00:02:29 (180 turns).

Heoruswealwe the Poker (Minotaur Fighter)            Turns: 180, Time: 00:02:30

Health: -5/37      AC: 12    Str: 22    XL:     3   Next: 94%
Magic:  2/2        EV:  8    Int:  5    God:    Gozag
Gold:   0          SH:  0    Dex:  9    Spells: 2/2 levels left

rFire   . . .        b - +2 halberd (venom)
rCold   . . .        (shield currently unavailable)
rNeg    . . .        c - +1 chain mail
rPois   .            (helmet restricted)
rElec   .            (no cloak)
rCorr   .            (no gloves)
SInv    .            e - +0 pair of boots
Will    .....        (no amulet) Stlth
                     (no ring)
HPRegen 0.26/turn    (no ring)
MPRegen 0.08/turn

%: no teleportation
@: no status effects
A: horns 2, retaliatory headbutt
a: Renounce Religion, Potion Petition, Call Merchant, Bribe Branch


You were in the Dungeon.
You worshipped Gozag.
Gozag was noncommittal.
You visited 1 branch

Inventory:

Hand Weapons
 a - a +0 trident
 b - a +2 halberd of venom (weapon)
Armour
 c - a +1 chain mail (worn)
 d - a +0 buckler
 e - a +0 pair of boots (worn)
Wands
 k - a wand of quicksilver (10)
Scrolls
 j - 2 scrolls of blinking
Potions
 f - 2 potions of heal wounds
 g - a potion of haste
 h - 4 potions of curing
 i - a potion of berserk rage
 l - a potion of might
 m - a potion of invisibility


   Skills:
 + Level 5.8 Fighting
 * Level 6.9 Polearms
 + Level 5.8 Armour
 - Level 3.6 Shields


You had 2 spell levels left.
You didn't know any spells.
Your spell library was empty.

Dungeon Overview and Level Annotations

Branches:
Dungeon (1/1)

Altars:
Cheibriados
Dithmenos
Elyvilon
Fedhas
Gozag
Hepliaklqana
Kikubaaqudgha
Makhleb
Nemelex Xobeh
Okawaru
Qazlal
Ru
Sif Muna
Trog
Uskayaw
Vehumet
Wu Jian
Xom
Yredelemnul
Zin
The Shining One
Jiyva
Lugonu


Innate Abilities, Weirdness & Mutations

You have a pair of horns on your head.
You reflexively headbutt those who attack you in melee.


Message History

You see here a +1 chain mail.
c - a +1 chain mail You start putting on your armour.
You continue putting on your +1 chain mail. x4
You finish putting on your +1 chain mail.
You start removing your armour.
You continue taking off your +0 buckler. x4
You finish taking off your +0 buckler.
Adjust (i)tems, (s)pells, or (a)bilities?
l - a +2 halberd of venom Adjust to which letter? (? for menu, Esc to quit)
b - a +2 halberd of venom;
l - a potion of might Your +2 halberd of venom begins to drip with poison!
b - a +2 halberd of venom (weapon)
You see here a +0 helmet.
You see here a +0 pair of boots.
m - a +0 pair of boots Adjust (i)tems, (s)pells, or (a)bilities?
m - a +0 pair of boots Adjust to which letter? (? for menu, Esc to quit)
e - a +0 pair of boots;
m - a potion of invisibility You start putting on your armour.
You continue putting on your +0 pair of boots. x4
You finish putting on your +0 pair of boots.
You start resting.
HP restored.
You see here a +0 helmet.
You see here a +3 ring of dexterity.
You see here a +3 ring of strength.
You open the door.
A komodo dragon, an acid dragon, a centaur, a wyvern, a wraith and a two-headed ogre come into view.
The komodo dragon hisses angrily.
The centaur shouts!
The wyvern hisses angrily.
The komodo dragon hisses menacingly.
You hit the komodo dragon.
The komodo dragon is lightly wounded.
The komodo dragon bites you! The komodo dragon bites you!!
Ouch! That really hurt!
You die...
Your body crumbles into a pile of gold. ▓▓▓▓▓▓▓▓▓▓▓▓▓▓▓▓▓▓▓▓▓▓▓▓ _______'!?)[.[.=@lDclW.O ▓▓▓▓▓▓▓▓▓▓▓▓▓▓▓▓▓▓▓▓▓▓▓▓ $ $$$$$$ $$$$$ $ $ $ $$$$$

You could see a two-headed ogre, a komodo dragon, a wraith, a wyvern, an acid dragon and a centaur.

Vanquished Creatures
  A sleepcap (D)
  A gnoll (D)
  2 adders (D)
  An ufetubus (D)
  A hobgoblin (D)
  2 ball pythons (D)
  A frilled lizard (D)
  A goblin (D)
10 creatures vanquished.

Notes
Turn   | Place    | Note
-------+----------+-------------------------------------------
     0 | D        | Heoruswealwe the Minotaur Fighter began the quest for the
                  | Orb.
     0 | D        | Reached XP level 1. HP: 19/19 MP: 0/0
     7 | D        | Reached skill level 3 in Polearms
    19 | D        | Noticed a sleepcap
    32 | D        | Reached skill level 4 in Polearms
    32 | D        | Reached XP level 2. HP: 21/28 MP: 1/1
    38 | D        | Reached skill level 5 in Polearms
    43 | D        | Reached skill level 5 in Fighting
    43 | D        | Reached skill level 5 in Armour
    43 | D        | Reached XP level 3. HP: 25/36 MP: 2/2
    50 | D        | Reached skill level 6 in Polearms
    58 | D        | Found a snail-covered altar of Cheibriados.
    58 | D        | Found a shadowy altar of Dithmenos.
    58 | D        | Found a white marble altar of Elyvilon.
    58 | D        | Found a blossoming altar of Fedhas.
    58 | D        | Found an opulent altar of Gozag.
    59 | D        | Found a hazy altar of Hepliaklqana.
    60 | D        | Found a viscous altar of Jiyva.
    61 | D        | Found an ancient bone altar of Kikubaaqudgha.
    62 | D        | Found a corrupted altar of Lugonu.
    63 | D        | Found a burning altar of Makhleb.
    64 | D        | Found a sparkling altar of Nemelex Xobeh.
    65 | D        | Found an iron altar of Okawaru.
    66 | D        | Became a worshipper of Gozag Ym Sagoz the Greedy
    67 | D        | Found a stormy altar of Qazlal.
    68 | D        | Found a sacrificial altar of Ru.
    69 | D        | Found a shimmering blue altar of Sif Muna.
    70 | D        | Found a bloodstained altar of Trog.
    71 | D        | Found a hide-covered altar of Uskayaw.
    72 | D        | Found a radiant altar of Vehumet.
    73 | D        | Found an ornate altar of the Wu Jian Council.
    74 | D        | Found a shimmering altar of Xom.
    75 | D        | Found a basalt altar of Yredelemnul.
    76 | D        | Found a glowing silver altar of Zin.
    77 | D        | Found a glowing golden altar of the Shining One.
   179 | D        | Noticed a komodo dragon
   179 | D        | Noticed an acid dragon
   179 | D        | Noticed a centaur
   179 | D        | Noticed a wyvern
   179 | D        | Noticed a wraith
   179 | D        | Noticed a two-headed ogre
   180 | D        | Slain by a komodo dragon

Illustrated notes

Levels and vault maps discovered:
D:        linesprint [early_d, line_temple, items_1, d_10, items_2, lair_1,
          lair_end, items_3, orc_1, orc_end, items_4, d_15, swamp_1, shoals_1,
          snake_1, spider_1, d_20, vaults_1, items_5, swamp_end, shoals_end,
          snake_end, spider_end, vaults_end, d_27, items_6, zot_1, zot_end,
          crypt_end, forest_end, elf_end, slime_end, tomb_end, abyss_end,
          pan_hell_end]

Skill      XL: |  1  2  3 |
---------------+----------+-----
Polearms       | 4 5 6 |  6.9
Fighting       | 4 5 |  5.8
Armour         | 4 5 |  5.8
Shields        | |  3.6

Action                     || total
---------------------------++-------
  Melee: Trident           ||    36
         Headbutt          ||     5
         Halberd           ||     1
    Use: Potion            ||     2
 Armour: Scale mail        ||    15
  Dodge: Dodged            ||    11
  Block: Buckler           ||     8
